 Dungeon Crawl Stone Soup version 0.30-a0-34-gbe8da3892a (webtiles) character file.

Game seed: 4227868817509995901

3459 Sobieck the Skirmisher (level 10, -8/53 HPs)
             Began as a Vine Stalker Hunter on Aug 27, 2022.
             Was a Believer of Okawaru.
             Mangled by a gnoll sergeant
             ... wielding a +0 trident
              (10 damage)
             ... on level 8 of the Dungeon.
             The game lasted 00:17:59 (7485 turns).

Sobieck the Skirmisher (Vine Stalker Hunter)        Turns: 7485, Time: 00:18:00

Health: -8/53      AC: 11    Str: 14    XL:     10   Next: 6%
Magic:  0/11       EV: 16    Int:  9    God:    Okawaru [**....]
Gold:   285        SH:  0    Dex: 22    Spells: 9/9 levels left

rFire   . . .      SeeInvis .    b - +5 falchion {long}
rCold   + . .      Faith    .    (no shield)
rNeg    . . .      Spirit   +    c - +0 leather armour
rPois   .          Reflect  .    E - +2 hat
rElec   .          Harm     .    B - +2 cloak
rCorr   .          Rampage  .    p - +2 pair of gloves
Will    +....                    (no boots)
Stlth   ++........               (no amulet)
HPRegen 0.97/turn                m - ring of protection from cold
MPRegen 0.12/turn                Q - +4 ring of evasion

@: lethally poisoned (-8 -> -8)
A: fangs 3, regeneration 1, magic shield, antimagic bite, no potion heal 2
a: Renounce Religion, Heroism


You were on level 8 of the Dungeon.
You worshipped Okawaru.
Okawaru was pleased with you.
You visited 2 branches of the dungeon, and saw 9 of its levels.

You collected 285 gold pieces.


Innate Abilities, Weirdness & Mutations

You have razor-sharp teeth.
Your natural rate of healing is unusually fast.
When hurt, damage is shared between your health and your magic reserves.
Your bite disrupts and absorbs the magic of your enemies.
Potions cannot restore your health.


   Skills:
 - Level 6.0 Fighting
 + Level 4.8 Long Blades
 - Level 11.0 Ranged Weapons
 - Level 1.5 Dodging
 - Level 1.2 Stealth


You had 9 spell levels left.
You didn't know any spells.
Your spell library contained the following spells:

 Spells                   Type           Power      Damage    Failure   Level
 Magic Dart               Conj           0%         1d3       45%         1
 Sandblast                Erth           0%         2d4       45%         1
 Passwall                 Tmut/Erth      0%         N/A       61%         2
 Scorch                   Fire           0%         2d5       61%         2
 Mephitic Cloud           Conj/Pois/Air  0%         N/A       83%         3
 Stone Arrow              Conj/Erth      0%         3d7       83%         3
 Airstrike                Air            0%         2d(0-16)  99%         4
 Flame Wave               Conj/Fire      0%         2d4       99%         4
 Lightning Bolt           Conj/Air       0%         1d11      100%        5
 Call Imp                 Summ           Unusable   N/A       N/A         2
 Summon Lightning Spire   Summ/Air       Unusable   N/A       N/A         4
 Summon Cactus Giant      Summ           Unusable   N/A       N/A         6

Inventory:

Hand Weapons
 a - a +2 arbalest {crossbow}
   (You found it on level 5 of the Dungeon)
 b - a +5 falchion (weapon) {long}
   (You took it off a wight on level 4 of the Dungeon)
 g - a +2 spear of distortion {!wpolearm}
   (You took it off a goblin on level 1 of the Dungeon)
 t - a +5 war axe {axe}
   (You found it on level 8 of the Dungeon)
 x - a +0 short sword of venom {short}
   (You found it on level 4 of the Dungeon)
 K - a +1 flail of draining {mace}
   (You took it off Edmund on level 5 of the Dungeon)
 L - a +0 shortbow {bow}
 N - a +5 dagger of holy wrath {short}
   (You took it off Dowan on level 4 of the Dungeon)
Missiles
 h - 3 boomerangs {throwing}
 k - a throwing net {=f!fthrowing}
 o - 4 javelins {throwing}
 r - 23 poisoned darts {throwing}
 F - 2 curare-tipped darts {=fthrowing}
 H - 30 stones {throwing}
Armour
 c - a +0 leather armour (worn)
 p - a +2 pair of gloves (worn)
   (You found it on level 2 of the Dungeon)
 w - a +0 scale mail
   (You found it on level 3 of the Dungeon)
 z - a +0 chain mail
   (You found it on level 3 of the Dungeon)
 B - a +2 cloak (worn)
   (You found it on level 8 of the Dungeon)
 C - a +0 leather armour
   (You took it off an orc on level 3 of the Dungeon)
 D - a +0 leather armour
   (You took it off an orc on level 3 of the Dungeon)
 E - a +2 hat (worn)
   (You found it on level 3 of the Dungeon)
 G - a +0 ring mail
   (You found it on level 3 of the Dungeon)
 M - a +0 robe
   (You took it off Dowan on level 4 of the Dungeon)
 O - a +0 leather armour
   (You took it off Duvessa on level 4 of the Dungeon)
 S - a +0 leather armour
   (You took it off Eustachio on level 5 of the Dungeon)
 U - a +0 ring mail
   (You found it on level 5 of the Dungeon)
 Y - a +0 leather armour
   (You took it off an orc on level 6 of the Dungeon)
 Z - a +0 scale mail
   (You took it off a gnoll sergeant on level 6 of the Dungeon)
Magical Staves
 v - a staff of death {!astaff}
   (You found it on level 3 of the Dungeon)
Jewellery
 m - a ring of protection from cold (left hand)
   (You found it on level 2 of the Dungeon)
 Q - a +4 ring of evasion (right hand)
   (You found it on level 5 of the Dungeon)
Wands
 J - a wand of polymorph (8)
   (You found it on level 4 of the Dungeon)
 R - a wand of charming (18)
   (You found it on level 5 of the Dungeon)
Scrolls
 d - 5 scrolls of butterflies
 f - 2 scrolls of immolation {!r!r}
 n - a scroll of vulnerability {unknown}
 s - a scroll of summoning {unknown}
 u - 2 scrolls of enchant armour {unknown}
 W - a scroll of magic mapping {!r}
 X - 3 scrolls of blinking {unknown}
Potions
 e - 7 potions of magic
 i - 2 potions of curing {@q1}
 j - 2 potions of mutation {!q}
 l - 2 potions of lignification {!q}
 q - a potion of heal wounds {unknown}
 y - a potion of might {unknown}
 A - a potion of attraction {unknown}
 I - a potion of berserk rage {!q}
 T - a potion of flight {unknown}
 V - a potion of cancellation {unknown}

Dungeon Overview and Level Annotations

Branches:
Dungeon (8/15) Zot: 26555  Temple (1/1) D:5 Zot: 5746
   Lair: D:8-11

Altars:
Dithmenos
Fedhas
Kikubaaqudgha
Makhleb
Nemelex Xobeh
Okawaru
Ru
Sif Muna
Wu Jian
Xom
Yredelemnul

Annotations:
D:8 Amaemon

.... ... ###.# #... .)
###.... .... # #.
......## ##..## #
#.#.##..#... .)....
##.#.#.....#.# ###....##
........#....##....##.##
..........g..g..........
#.@.g#.........#... #
#6#.............#..
#.###s#.#..##..........
....s#.#.###..........
.....#.#.###..........
###..............##..
#.....###.......###
#..[..# #.......#
..........# #.......#


You could see Amaemon (magic disrupted), a gnoll sergeant, 2 scorpions and 2
gnolls.


Message History

No target in view!
Unknown command.
B - a +2 cloak You see here a water moccasin corpse.
Unknown command.
You start putting on your armour.
You continue putting on your +2 cloak. x4
You finish putting on your +2 cloak.
Unknown command.
Unknown command.
a - a +2 arbalest (weapon)
{crossbow} You see here an orb of mayhem.
Unknown command.
Amaemon the Diabolical Poisoner comes into view.
He is wielding a -1 demon whip of venom and carrying a wand of quicksilver (13).
Amaemon mumbles some strange words.
Danger!
You gain the combat prowess of a mighty hero.
Amaemon sings, "Eyes close, heart stop, nighty-night for you..."
Unknown command.
You shoot a bolt. The bolt hits Amaemon!
b - a +5 falchion (weapon)
{long} Unknown command.
You slash the scorpion! You bite the scorpion. You drain its power.
You hit the scorpion but do no damage. The scorpion closely misses you.
The scorpion misses you.
Unknown command.
You barely miss the scorpion. You bite the scorpion! You drain its power.
The scorpion stings you.
Unknown command.
You barely miss the scorpion. You bite the scorpion. You drain its power.
The scorpion barely misses you. The scorpion stings you.
You are poisoned.
The scorpion poisons you!
You hit the scorpion but do no damage. You bite the scorpion.
You kill the scorpion!
The scorpion's corpse disappears in a puff of smoke!
You feel very sick. The scorpion stings you.
Unknown command.
You hit the scorpion.
You feel sick. The scorpion completely misses you.
You hit the scorpion.
You kill the scorpion!
The scorpion's corpse disappears in a puff of smoke!
You feel sick.
Amaemon casts a spell.
You hit the scorpion.
You feel sick.
Amaemon casts a spell at the scorpion.
The scorpion seems to grow toxic.
The scorpion stings you but does no damage.
You hit the scorpion but do no damage. You bite the scorpion.
You drain its power.
You feel sick.
A gnoll sergeant comes into view. It is wielding a +0 trident.
You closely miss the scorpion. You bite the scorpion. You drain its power.
You feel like a meek peon again.
You feel sick. The scorpion closely misses you.
Unknown command.
You completely miss the scorpion. Your bite misses the scorpion.
You feel sick. The scorpion barely misses you. x2
You slash the scorpion!
You kill the scorpion!
The scorpion's corpse disappears in a puff of smoke!
You feel sick.
You hit Amaemon.
You feel sick. Amaemon hits you but does no damage.
You are more poisoned.
Amaemon claws you but does no damage. Amaemon misses you.
A gnoll comes into view. It is wielding a +0 flail.
Amaemon closely misses you. Amaemon claws you! Amaemon misses you.
The gnoll shouts!
You slash Amaemon! You bite Amaemon.
Amaemon's magic leaks into the air.
You drain his magic.
You feel invigorated.
You feel very sick.
You hear a shout! x2
Amaemon zaps a wand.
The bolt of dispelling energy hits you!
* * * LOW HITPOINT WARNING * * *
You hit Amaemon.
You feel sick.
Amaemon zaps a wand.
The bolt of dispelling energy misses you.
The gnoll sergeant misses you.
A gnoll comes into view. It is wielding a +0 spear.
A gnoll comes into view. It is wielding a +0 flail.
The gnoll shouts!
You slash Amaemon! You bite Amaemon!
Amaemon's magic leaks into the air.
You drain his magic.
You feel invigorated.
You feel sick.
Amaemon's eyes glow red.
Amaemon zaps a wand.
The bolt of dispelling energy hits you!
* * * LOW HITPOINT WARNING * * *
The gnoll sergeant hits you from afar with a +0 trident.
* * * LOW HITPOINT WARNING * * *
Okay, then.
Unknown command.
As you read the scroll of teleportation {@r4}, it crumbles to dust.
You feel strangely unstable.
You feel sick.
Amaemon zaps a wand.
The bolt of dispelling energy hits you!
You feel strangely stable.
* * * LOW HITPOINT WARNING * * *
The gnoll sergeant hits you from afar with a +0 trident!
You die...

Skill      XL: |  1  2  3  4  5  6  7  8  9 10 |
---------------+-------------------------------+-----
Ranged Weapons | 4 5 6 7 8 10 11 | 11.0
Fighting       | 5 6 |  6.0
Long Blades    | 4 |  4.8
Dodging        | |  1.5
Stealth        | |  1.2

Action                   |  1- 3 |  4- 6 |  7- 9 | 10-12 || total
-------------------------+-------+-------+-------+-------++-------
Melee: Dagger            |    15 |    83 |    24 |       ||   122
       Bite              |     7 |    23 |    59 |     9 ||    98
       Short sword       |       |    14 |   143 |       ||   157
       Punch             |       |     1 |     1 |       ||     2
       Falchion          |       |       |    30 |    20 ||    50
 Fire: Shortbow          |    86 |   103 |       |       ||   189
       Arbalest          |       |       |    95 |     9 ||   104
Invok: Heroism           |       |       |     2 |     1 ||     3
  Use: Scroll            |       |     7 |     8 |     1 ||    16
 Stab: Sleeping          |       |       |     1 |       ||     1
Armor: Leather armour    |     9 |    37 |    64 |     4 ||   114
Dodge: Dodged            |    22 |    61 |   206 |    17 ||   306

Levels and vault maps discovered:
D:1:      lightli_arrival_boilingwater, layout_loops_ring,
          corexii_hall_statues_l, chequers_serial_rivers_small_a
D:2:      layout_basic, kennysheep_generic_room_7, uniq_robin
D:3:      layout_loops_corners
D:4:      layout_layer_cave
D:5:      layout_loops_ring, temple_hall, kennysheep_another_room,
          kennysheep_small_square, uniq_eustachio, uniq_edmund, uniq_duvessa
D:6:      layout_loops_ring
D:7:      layout_basic
D:8:      layout_rooms, minmay_misc_feat_nine_boxes, minmay_misc_feat_enclosed,
          uniq_amaemon, uniq_joseph
Temple:   grunt_temple_mini_profane

Notes
Turn   | Place    | Note
-------+----------+-------------------------------------------
     0 | D:1      | Sobieck the Vine Stalker Hunter began the quest for the
                  | Orb.
     0 | D:1      | Reached XP level 1. HP: 11/11 MP: 2/2
   218 | D:1      | Reached skill level 4 in Ranged Weapons
   218 | D:1      | Reached XP level 2. HP: 15/15 MP: 3/3
   360 | D:1      | You pick up a book of Scorching and begin reading...
   360 | D:1      | You add the spells Scorch, Flame Wave and Summon Cactus
                  | Giant to your library.
   553 | D:1      | Reached XP level 3. HP: 18/18 MP: 4/4
   994 | D:2      | Reached skill level 5 in Ranged Weapons
   994 | D:2      | Gained mutation: Your natural rate of healing is unusually
                  | fast. [Vine Stalker growth]
   994 | D:2      | Reached XP level 4. HP: 13/23 MP: 3/5
  1056 | D:2      | You pick up a book of Minor Magic and begin reading...
  1056 | D:2      | You add the spells Magic Dart, Call Imp and Mephitic Cloud
                  | to your library.
  1375 | D:2      | Noticed Robin
  1390 | D:2      | Reached XP level 5. HP: 26/26 MP: 6/6
  1428 | D:1      | Killed Robin
  1909 | D:3      | Reached skill level 6 in Ranged Weapons
  2912 | D:4      | Noticed a black bear
  2919 | D:4      | HP: 3/26 [black bear (8)]
  2921 | D:4      | Killed a black bear
  2922 | D:4      | Reached XP level 6. HP: 4/30 MP: 1/7
  2993 | D:4      | You pick up a book of Geomancy and begin reading...
  2993 | D:4      | You add the spells Sandblast, Passwall and Stone Arrow to
                  | your library.
  3027 | D:4      | Reached skill level 7 in Ranged Weapons
  3151 | D:5      | Entered Level 5 of the Dungeon
  3155 | D:5      | Noticed an ice beast
  3171 | D:5      | Killed an ice beast
  3172 | D:5      | Reached XP level 7. HP: 25/34 MP: 5/8
  3209 | D:5      | Noticed Duvessa
  3209 | D:5      | Noticed Dowan
  3237 | D:4      | Killed Duvessa
  3243 | D:4      | Killed Dowan
  3244 | D:4      | Reached skill level 8 in Ranged Weapons
  3310 | D:5      | Noticed Edmund
  3421 | D:5      | Noticed Eustachio
  3442 | D:5      | Killed Eustachio
  3443 | D:5      | Gained mutation: You have razor-sharp teeth. [Vine Stalker
                  | growth]
  3443 | D:5      | Reached XP level 8. HP: 36/38 MP: 6/9
  3552 | D:5      | Reached skill level 9 in Ranged Weapons
  3880 | D:5      | Killed Edmund
  4210 | D:5      | Found a staircase to the Ecumenical Temple.
  4219 | Temple   | Entered the Ecumenical Temple
  4445 | Temple   | Became a worshipper of Warmaster Okawaru
  4996 | D:6      | HP: 9/38 [gnoll sergeant/+2 spear of flaming (5)]
  4998 | D:6      | HP: 4/38 [gnoll/+0 club[a gnoll sergeant] (2)]
  5005 | D:6      | HP: 6/38 [gnoll/+0 club[a gnoll sergeant] (2)]
  5009 | D:6      | Reached skill level 10 in Ranged Weapons
  5954 | D:4      | Reached XP level 9. HP: 42/42 MP: 10/10
  5982 | D:4      | Reached skill level 11 in Ranged Weapons
  5982 | D:4      | Reached skill level 2 in Fighting
  5983 | D:4      | Reached * piety under Okawaru
  5994 | D:4      | Reached skill level 3 in Fighting
  6500 | D:7      | Reached skill level 1 in Long Blades
  6539 | D:7      | Reached skill level 4 in Fighting
  6539 | D:7      | Reached skill level 2 in Long Blades
  6666 | D:7      | Reached ** piety under Okawaru
  6667 | D:7      | Reached skill level 3 in Long Blades
  6832 | D:7      | Reached skill level 5 in Fighting
  7057 | D:8      | Noticed Joseph
  7153 | D:8      | You pick up a book of Storms and begin reading...
  7153 | D:8      | You add the spells Airstrike and Lightning Bolt to your
                  | library.
  7198 | D:8      | Reached skill level 4 in Long Blades
  7271 | D:8      | Killed Joseph
  7272 | D:8      | Reached XP level 10. HP: 48/53 MP: 6/11
  7434 | D:8      | Reached skill level 6 in Fighting
  7465 | D:8      | Noticed Amaemon
  7484 | D:8      | HP: 11/53 [gnoll sergeant/+0 trident (4)]
  7485 | D:8      | HP: 2/53 [Amaemon/bolt of dispelling energy (9)]
  7485 | D:8      | Mangled by a gnoll sergeant

Vanquished Creatures
  Joseph (D:8)
  Eustachio (D:5)
  Edmund (D:5)
  3 water moccasins
  Duvessa (D:4)
  4 ice beasts
  A black bear (D:4)
  A centaur (D:6)
  3 bullfrogs
  A scorpion (D:4)
  A gnoll sergeant (D:6)
  3 necrophages
  8 wights
  Dowan (D:4)
  10 killer bees
  2 howler monkeys
  2 hounds
  An orc priest (D:6)
  A jelly (D:7)
  An iguana (D:5)
  2 orc wizards
  Robin (D:1)
  6 gnolls
  12 adders
  A shadow imp (D:7)
  2 white imps
  An ufetubus (D:7)
  7 dart slugs
  14 orcs
  10 ball pythons
  6 endoplasms
  2 giant cockroaches
  19 goblins
  8 hobgoblins
  2 jackals (D:3)
  A quokka (D:2)
  4 bats
  6 frilled lizards
  7 kobolds
  7 rats
165 creatures vanquished.

Table legend:
 A = Non-vault XP
 B = Vault XP
 C = Vault XP percentage of total XP
 D = Non-vault monster count
 E = Vault monster count
 F = Vault count percentage of total count
                 A         B        C        D         E       F
            +---------+---------+-------+---------+---------+-------
      Total |    3830 |    1112 |  22.5 |     142 |      23 |  13.9
            +---------+---------+-------+---------+---------+-------
        D:1 |      39 |      15 |  27.8 |      22 |       1 |   4.3
        D:2 |     113 |      25 |  18.1 |      16 |      14 |  46.7
        D:3 |     105 |       0 |   0.0 |      32 |       0 |   0.0
        D:4 |     707 |     179 |  20.2 |      18 |       2 |  10.0
        D:5 |     396 |     463 |  53.9 |       9 |       5 |  35.7
        D:6 |     436 |       0 |   0.0 |      16 |       0 |   0.0
        D:7 |    1561 |       0 |   0.0 |      22 |       0 |   0.0
        D:8 |     473 |     430 |  47.6 |       7 |       1 |  12.5
            +---------+---------+-------+---------+---------+-------

Illustrated notes

Table legend:
 A = Kills in this place as a percentage of kills in entire the game.
 B = Kills by you in this place as a percentage of kills by you in the entire game.
 C = Kills by friends in this place as a percentage of kills by friends in the entire game.
 D = Other kills in this place as a percentage of other kills in the entire game.
 E = Experience gained in this place as a percentage of experience gained in the entire game.
 F = Experience gained in this place divided by the number of levels of this place that you have seen.
                   A       B       C       D       E      F
               +-------+-------+-------+-------+-------+----------------------
         Total | 100.0 | 100.0 |   N/A |   N/A | 100.0 | 549.1
       Dungeon | 100.0 | 100.0 |   N/A |   N/A | 100.0 | 617.8
               +-------+-------+-------+-------+-------+----------------------

Table legend: (Time is in decaauts)
 A = Elapsed time spent in this place.
 B = Non-inter-level travel time spent in this place.
 C = Inter-level travel time spent in this place.
 D = Time resting spent in this place.
 E = Time spent auto-exploring this place.
 F = Levels seen in this place.
 G = Mean time per level.
                   A        B        C        D        E       F      G
               +--------+--------+--------+--------+--------+-----+--------+
         Total |   7556 |   7021 |    535 |    348 |   5176 |   9 |  839.6 |
       Dungeon |   7302 |   6794 |    508 |    348 |   5002 |   8 |  912.8 |
        Temple |    253 |    226 |     27 |      0 |    174 |   1 |  253.0 |
               +--------+--------+--------+--------+--------+-----+--------+

Top non-repeatable levels by time:
     D:5: 1334 daAuts
     D:4: 1299 daAuts
     D:3: 1086 daAuts
     D:1: 861 daAuts
     D:7: 837 daAuts
     D:6: 792 daAuts
     D:2: 686 daAuts
     D:8: 404 daAuts
  Temple: 253 daAuts
